 Dungeon Crawl Stone Soup version 0.28-a0-1190-g77e1c55843 (webtiles) character file.

Game seed: 10178623375407790294

171473 ytsedan the Severer (level 17, -3/159 (168) HPs)
             Began as a Minotaur Fighter on Dec 18, 2021.
             Was the Champion of Trog.
             Killed from afar by a tengu reaver (8 damage)
             ... with a bolt of negative energy
             ... on level 3 of the Depths.
             The game lasted 02:24:01 (28349 turns).

ytsedan the Severer (Minotaur Fighter)             Turns: 28349, Time: 02:24:02

HP:   -3/159 (168)  AC: 27    Str: 33    XL:     17   Next: 39%
MP:   16/16         EV: 10    Int:  5    God:    Trog [******]
Gold: 704           SH:  0    Dex: 12    Spells: 16/16 levels left

rFire   + + .      SeeInvis .   O - +7 executioner's axe (flame)
rCold   + + .      Faith    .   (shield currently unavailable)
rNeg    + . .      Spirit   .   g - +1 ice dragon scales
rPois   .          Reflect  .   (helmet restricted)
rElec   .          Harm     .   H - +2 cloak
rCorr   .          Rampage  .   o - +2 pair of gloves
Will    +....                   u - +0 pair of boots
Stlth   +.........              e - amulet of regeneration
HPRegen 1.16/turn               R - ring of protection from fire
MPRegen 0.15/turn               Z - ring of Tulabyna {rF++ rN+ Str+6 Slay+2 Stlth+}

@: drained
A: horns 2, retaliatory headbutt
a: Renounce Religion, Berserk, Trog's Hand, Brothers in Arms


You were on level 3 of the Depths.
You worshipped Trog.
Trog was exalted by your worship.
You visited 6 branches of the dungeon, and saw 29 of its levels.

You collected 3095 gold pieces.
You spent 2391 gold pieces at shops.

Inventory:

Hand Weapons
 J - a +5 war axe
 O - a +7 executioner's axe of flaming (weapon)
 S - a +3 broad axe of electrocution
Missiles
 t - 91 poisoned darts (quivered)
 F - 8 atropa-tipped darts
 G - 4 throwing nets
 W - 16 curare-tipped darts
Armour
 c - a +0 buckler
 g - +1 ice dragon scales (worn)
 o - a +2 pair of gloves (worn)
 u - a +0 pair of boots (worn)
 H - a +2 cloak (worn)
 P - the +6 scale mail of Inference {Regen+}
   (You found it on level 9 of the Dungeon)

   Regen:     It increases your rate of health regeneration.
Jewellery
 a - the ring "Wateis" {Fly rC- rN+ Dex+3 SInv}
   (You found it on level 15 of the Dungeon)

   [ring of flight]

   Dex:       It affects your dexterity (+3).
   rC:        It makes you vulnerable to cold.
   rN:        It protects you from negative energy.
   SInv:      It lets you see invisible.
   Fly:       It grants you flight.
 d - a +4 ring of evasion
 e - an amulet of regeneration (around neck)
 h - a ring of fire
 i - the ring "Jibroa Boish" {rElec rPois Dex+3 SInv}
   (You bought it in a shop on level 2 of the Orcish Mines)

   [ring of poison resistance]

   Dex:       It affects your dexterity (+3).
   rElec:     It insulates you from electricity.
   rPois:     It protects you from poison.
   SInv:      It lets you see invisible.
 k - a ring of resist corrosion
 n - a +4 ring of protection
 v - a ring of ice
 D - a +6 ring of dexterity
 I - a ring of protection from cold
 Q - a ring of willpower
 R - a ring of protection from fire (left hand)
 Z - the ring of Tulabyna (right hand) {rF++ rN+ Str+6 Slay+2 Stlth+}
   (You bought it in a shop on level 2 of the Orcish Mines)

   [ring of strength]

   Str:       It affects your strength (+6).
   Slay:      It affects your accuracy & damage with ranged weapons and melee
   (+2).
   rF:        It greatly protects you from fire.
   rN:        It protects you from negative energy.
   Stlth:     It makes you more stealthy.
Wands
 b - a wand of charming (4)
 f - a wand of polymorph (21)
 r - a wand of paralysis (5)
 x - a wand of flame (44)
 y - a wand of iceblast (11)
 K - a wand of mindburst (2)
 T - a wand of digging (7)
 U - a wand of acid (9)
Scrolls
 l - a scroll of blinking
 q - 3 scrolls of fog
 s - 4 scrolls of magic mapping
 X - 5 scrolls of identify
Potions
 j - 2 potions of brilliance
 m - 3 potions of flight
 p - 3 potions of attraction
 w - a potion of resistance
 z - 6 potions of haste
 B - a potion of degeneration
 C - 5 potions of magic
 E - 11 potions of curing
 L - a potion of lignification
 M - a potion of cancellation
 N - 2 potions of invisibility
 V - 4 potions of ambrosia


   Skills:
 + Level 19.2 Fighting
 * Level 19.7 Axes
 + Level 19.1 Armour
 + Level 19.1 Shields


You had 16 spell levels left.
You didn't know any spells.
Your spell library was empty.

Dungeon Overview and Level Annotations

Branches:
Dungeon (15/15)            Temple (1/1) D:5            Lair (6/6) D:9
 Shoals (0/4) Lair:3        Snake (2/4) Lair:3        Slime (0/5) Lair:6
    Orc (2/2) D:10            Elf (0/3) Orc:2        Vaults (0/5) D:13
 Depths (3/4) D:15

Altars:
Gozag
Kikubaaqudgha
Makhleb
Nemelex Xobeh
Okawaru
Sif Muna
Trog
Uskayaw
Vehumet
Yredelemnul
Zin
Beogh

Shops:
D:8 **   Orc:2 *=([

Portals:
Hell: Depths:1 Depths:2 Depths:3
Abyss: Depths:3
Pandemonium: Depths:2
Ziggurat: Depths:3

Annotations:
D:6 1 runed translucent door, 2 exclusions, Crazy Yiuf
D:10 !orcish mines
D:15 1 exclusion
Lair:3 5 exclusions
Depths:2 2 transporters


Innate Abilities, Weirdness & Mutations

You have a pair of horns on your head.
You reflexively headbutt those who attack you in melee.


Message History

The tengu reaver is almost dead.
You hear a shout!
A spriggan air mage comes into view.
A fire dragon comes into view.
The tengu reaver gestures at you while chanting.
The bolt of negative energy hits you. You partially resist.
You feel drained.
You miss the tengu reaver.
The tengu reaver is almost dead.
The spriggan air mage waves its arms in wide circles.
The air twists around and strikes you!!
The shadow dragon breathes negative energy at you.
The bolt of negative energy hits you!! You partially resist.
You feel drained.
You hit the tengu reaver but do no damage.
Your headbutt misses the tengu reaver.
The tengu reaver is almost dead.
The tengu reaver casts a spell at you. The bolt of acid misses you.
Unknown command.
You barely miss the tengu reaver. You headbutt the tengu reaver!
The tengu reaver is almost dead.
The fire giant points at you and mumbles some strange words.
The bolt of fire hits you. You resist.
The tengu reaver hits you with a +3 great mace!
The tengu reaver pecks you.
The tengu reaver claws you but does no damage.
The fire giant points at you and mumbles some strange words.
The bolt of fire hits you! You resist.
The spriggan air mage waves its arms in wide circles.
The air twists around and strikes you!
* * * LOW HITPOINT WARNING * * *
The spriggan air mage casts a spell at you.
The bolt of lightning hits you!!
* * * LOW HITPOINT WARNING * * *
The spriggan air mage waves its arms in wide circles.
The air twists around and strikes you. The tengu reaver casts a spell at you.
The bolt of fire hits you! You resist.
* * * LOW HITPOINT WARNING * * *
The tengu reaver points at you and mumbles some strange words.
The bolt of negative energy hits you! You partially resist.
You feel drained.
You die...

### ##### ##.#.#.
##.#######...##### ##......^
###.............##.###.#...P...
.....##...##.................∩.
#.....#....#...##....##....∩≈≈∩
.#....##...##...#....##.P...≈≈.
..#.........†...##..#......^.∩.
................@..QCDCi..P....
###################....D.......
##++###...P.. ...... ..##. ..#
#D ..


You could see a shadow dragon, 2 fire giants, a fire dragon, a tengu reaver and
a spriggan air mage (repels missiles).

Vanquished Creatures
  3 sphinxes
  2 tengu reavers (Depths:2)
  A storm dragon (Depths:3)
  The ghost of Bankemomn the Destroyer, a journeyman NaIE of Cheibriados (D:15)
  A frost giant (Depths:3)
  An orc warlord (Orc:1)
  5 fire giants
  A balrug (Depths:2)
  5 stone giants
  3 very ugly things (Depths:2)
  A juggernaut skeleton (Depths:2)
  A dire elephant (D:15)
  4 spark wasps
  3 ettins
  2 fire dragons (Depths:2)
  A quicksilver dragon zombie (Depths:2)
  Josephine (Snake:1)
  A great orb of eyes (Depths:2)
  3 ice dragons
  Fannar (D:12)
  4 rakshasas
  Harold (D:7)
  2 boulder beetles
  9 hydras
  A death knight (D:15)
  3 naga warriors (Snake:1)
  An ogre mage (D:15)
  4 catoblepae
  7 two-headed ogres
  2 centaur warriors
  6 death yaks
  An anaconda (Snake:1)
  2 tengu warriors (D:12)
  6 deep troll shamans
  Urug (D:9)
  2 deep troll earth magi
  3 orc high priests
  A deep elf knight (D:13)
  A storm dragon zombie (Depths:2)
  Sonja (D:10)
  4 shock serpents
  3 hell knights (Depths:1)
  4 iron trolls
  A sun demon (Depths:2)
  12 skeletal warriors
  12 deep trolls
  A glowing orange brain (D:15)
  2 wizards
  2 lindwurms (Lair:2)
  3 phantasmal warriors
  Pikel (D:8)
  A mana viper (Snake:1)
  4 orc sorcerers
  17 ugly things
  6 orc knights
  6 deep elf pyromancers
  3 necromancers
  3 cyclopes
  3 manticores
  7 salamanders
  Maurice (D:8)
  2 merfolk sirens (Lair:3)
  4 elephants
  3 centaur zombies
  5 naga magi
  A guardian serpent (Snake:1)
  13 black mambas
  16 cane toads
  3 efreet
  A freezing wraith (D:15)
  2 gargoyles
  Maggie (D:6)
  An ice devil (Depths:2)
  A komodo dragon (shapeshifter) (D:11)
  A hellwing (Depths:2)
  6 rime drakes
  13 komodo dragons
  3 tengu conjurers (Depths:2)
  4 polar bears
  2 merfolk (Lair:3)
  11 trolls
  A hornet (D:8)
  8 slime creatures
  A blink frog (shapeshifter) (D:13)
  4 dream sheep (Lair:2)
  14 blink frogs
  A frost giant simulacrum (Depths:2)
  A water elemental (D:15)
  68 yaks
  4 wyverns
  A shadow (D:11)
  8 wraiths
  2 humans (D:12)
  9 basilisks
  3 vampire mosquitoes (D:9)
  Menkaure (D:7)
  A swamp worm (shapeshifter) (Depths:1)
  10 nagas
  An acid dragon (D:9)
  30 water moccasins
  A floating eye (D:15)
  38 orc warriors
  Duvessa (D:6)
  2 sky beasts
  An ice beast (D:5)
  18 ogres
  2 necrophages
  2 black bears
  A centaur (shapeshifter) (D:12)
  9 wolves
  8 centaurs
  2 kobold brigands
  A gnoll sergeant (D:6)
  15 bullfrogs
  Dowan (D:6)
  A wyvern skeleton (D:7)
  9 wights (D:7)
  3 howler monkeys (D:9)
  A lava snake (Lair:2)
  19 orc priests
  A centaur skeleton (D:4)
  10 hounds
  2 jellies
  A bullfrog skeleton (D:6)
  A gnoll shaman (D:6)
  Ijyb (D:5)
  3 iguanas
  27 orc wizards
  27 hell rats
  A hound zombie (D:5)
  2 howler monkey zombies
  14 gnolls
  11 adders
  8 river rats (Lair:3)
  A shadow imp (D:5)
  2 white imps
  An adder skeleton (D:4)
  2 dart slugs (D:3)
  70 orcs
  4 ball pythons
  5 endoplasms
  4 giant cockroaches
  8 goblins
  6 hobgoblins
  10 jackals
  10 kobolds
  9 quokkas
  2 bats
  4 frilled lizards (D:2)
  15 rats
  A spectral orc (D:11)
854 creatures vanquished.

Vanquished Creatures (collateral kills)
  An ogre mage (D:13)
  A deep elf pyromancer (D:13)
  2 ogres (D:13)
4 creatures vanquished.

Vanquished Creatures (others)
  A fire giant (Depths:1)
  A black mamba (Lair:4)
  2 electric eels (D:15)
  62 fungi
  58 plants
124 creatures vanquished.

Grand Total: 982 creatures vanquished

Notes
Turn   | Place    | Note
-------+----------+-------------------------------------------
     0 | D:1      | ytsedan the Minotaur Fighter began the quest for the Orb.
     0 | D:1      | Reached XP level 1. HP: 19/19 MP: 0/0
   275 | D:1      | Reached XP level 2. HP: 27/27 MP: 1/1
   945 | D:2      | Reached XP level 3. HP: 32/33 MP: 2/2
  2182 | D:3      | Reached XP level 4. HP: 39/40 MP: 3/3
  2680 | D:3      | Found a faded altar of an unknown god.
  2930 | D:4      | Identified a scroll of acquirement
  2930 | D:4      | Acquired 565 gold pieces
  3076 | D:4      | Reached XP level 5. HP: 45/47 MP: 4/4
  3128 | D:4      | Noticed a sky beast
  3145 | D:4      | Killed a sky beast
  3146 | D:4      | Reached skill level 5 in Axes
  3197 | D:4      | Reached XP level 6. HP: 55/55 MP: 5/5
  3426 | D:4      | Reached skill level 5 in Shields
  3623 | D:4      | Reached skill level 5 in Fighting
  3649 | D:5      | Entered Level 5 of the Dungeon
  3666 | D:5      | Noticed a sky beast
  3667 | D:5      | Reached skill level 5 in Armour
  3667 | D:5      | Reached XP level 7. HP: 33/61 MP: 6/6
  4101 | D:5      | Reached XP level 8. HP: 70/70 MP: 7/7
  4327 | D:5      | Found a staircase to the Ecumenical Temple.
  4332 | Temple   | Entered the Ecumenical Temple
  4357 | Temple   | Became a worshipper of Trog the Wrathful
  4383 | D:5      | Noticed Ijyb
  4397 | D:5      | Killed Ijyb
  5107 | D:6      | Noticed Maggie
  5126 | D:6      | Killed Maggie
  5127 | D:6      | Reached XP level 9. HP: 64/79 MP: 8/8
  5254 | D:6      | Reached * piety under Trog
  5290 | D:6      | Identified the +1 chain mail "Giajiss" {rElec}
  5340 | D:6      | Noticed Duvessa
  5349 | D:6      | Killed Duvessa
  5349 | D:6      | Noticed Dowan
  5357 | D:6      | Killed Dowan
  5469 | D:6      | Found a runed translucent door.
  5470 | D:6      | Noticed Crazy Yiuf
  5575 | D:6      | Reached skill level 10 in Axes
  5696 | D:7      | Noticed Harold
  5721 | D:7      | Killed Harold
  6084 | D:7      | Reached ** piety under Trog
  6142 | D:7      | Reached XP level 10. HP: 71/82 MP: 9/9
  6198 | D:7      | Noticed Menkaure
  6206 | D:7      | Killed Menkaure
  6809 | D:8      | Noticed Pikel
  6820 | D:8      | Killed Pikel
  6928 | D:8      | Found a glowing silver altar of Zin.
  6971 | D:8      | Noticed Maurice
  7068 | D:8      | Killed Maurice
  7205 | D:8      | Found Zaurol's Specific Store.
  7207 | D:8      | Found Bieratash's General Store.
  7350 | D:8      | Found a hide-covered altar of Uskayaw.
  7629 | D:9      | Noticed an elephant
  7630 | D:9      | Found a staircase to the Lair.
  7930 | D:9      | Noticed a two-headed ogre
  7945 | D:9      | Killed a two-headed ogre
  8171 | D:9      | Killed an elephant
  8231 | D:9      | Noticed a brown ugly thing
  8242 | D:9      | Killed a brown ugly thing
  8357 | D:9      | Reached XP level 11. HP: 97/99 MP: 10/10
  8435 | D:9      | Reached skill level 10 in Fighting
  8435 | D:9      | Reached skill level 10 in Shields
  8438 | D:9      | Reached skill level 10 in Armour
  8510 | D:9      | Found an opulent altar of Gozag.
  8652 | D:9      | Identified the +6 scale mail of Inference {Regen+}
  8885 | Lair:1   | Entered Level 1 of the Lair of Beasts
  8888 | D:9      | Acquired a +1 vampiric war axe
  8993 | Lair:1   | Reached *** piety under Trog
  9213 | Lair:1   | Noticed an eight-headed hydra
  9306 | D:10     | Entered Level 10 of the Dungeon
  9306 | D:10     | Noticed Urug
  9409 | D:10     | Noticed Sonja
  9526 | D:10     | Noticed a green ugly thing
  9566 | D:9      | Killed a green ugly thing
  9600 | D:9      | Killed Urug
  9601 | D:9      | Reached XP level 12. HP: 110/110 MP: 11/11
  9648 | D:10     | Killed Sonja
  9759 | D:10     | Found a staircase to the Orcish Mines.
  9887 | D:10     | Found a shimmering blue altar of Sif Muna.
 10026 | D:11     | Noticed a boulder beetle
 10047 | D:11     | Killed a boulder beetle
 10048 | D:11     | Reached skill level 15 in Axes
 10560 | D:11     | Reached **** piety under Trog
 10696 | D:11     | Found a basalt altar of Yredelemnul.
 10737 | D:12     | Noticed a two-headed ogre
 10746 | D:11     | Killed a two-headed ogre
 10786 | D:12     | Found an iron altar of Okawaru.
 11025 | D:12     | Noticed Fannar
 11033 | D:12     | Noticed a five-headed hydra
 11121 | D:9      | Killed a 19-headed hydra
 11152 | Lair:1   | Identified the +8 hand axe of Kelam {vorpal, rC+ Will+
                  | Str+4 Int-3}
 12066 | Lair:2   | Noticed a five-headed hydra
 12091 | Lair:1   | Killed a ten-headed hydra
 12565 | Lair:2   | Noticed a death yak
 12575 | Lair:2   | Killed a death yak
 12576 | Lair:2   | Reached XP level 13. HP: 119/119 MP: 12/12
 13361 | Lair:3   | Found a staircase to the Shoals.
 13406 | Lair:3   | Reached ***** piety under Trog
 13643 | Lair:3   | Found a staircase to the Snake Pit.
 13761 | Lair:3   | Received a gift from Trog
 14039 | Lair:3   | Identified the +1 ring mail of Conscience {rN+ Int+2}
 14416 | Lair:4   | You fall into a shaft and drop 1 floor!
 15972 | Lair:6   | Entered Level 6 of the Lair of Beasts
 16075 | Lair:6   | Reached XP level 14. HP: 128/133 MP: 13/13
 16262 | Lair:6   | Reached skill level 15 in Fighting
 16262 | Lair:6   | Reached skill level 15 in Shields
 16388 | Lair:6   | Reached skill level 15 in Armour
 16521 | Lair:6   | Found a staircase to the Slime Pits.
 16554 | Lair:6   | Received a gift from Trog
 17502 | Orc:1    | Entered Level 1 of the Orcish Mines
 18155 | Orc:1    | Reached ****** piety under Trog
 18221 | Orc:1    | Received a gift from Trog
 18433 | Orc:2    | Entered Level 2 of the Orcish Mines
 18433 | Orc:2    | Noticed an orc warlord
 18433 | Orc:2    | Found Sojosim's Antique Armour Emporium.
 18949 | Orc:2    | Found Eralinn's General Store.
 18960 | Orc:2    | Bought a scroll of teleportation for 30 gold pieces
 18960 | Orc:2    | Bought a wand of flame (9) for 55 gold pieces
 18960 | Orc:2    | Bought a wand of flame (2) for 20 gold pieces
 19131 | Orc:2    | Found Ebbonla's Antique Weapon Shoppe.
 19245 | Orc:2    | Found Ceaqycei's Jewellery Shop.
 19286 | Orc:2    | Found a staircase to the Elven Halls.
 19389 | Orc:2    | Bought the ring of Tulabyna {rF++ rN+ Str+6 Slay+2 Stlth+}
                  | for 1574 gold pieces
 19389 | Orc:2    | Bought the ring "Jibroa Boish" {rElec rPois Dex+3 SInv} for
                  | 712 gold pieces
 19683 | Orc:1    | Killed an orc warlord
 19716 | Orc:1    | Reached XP level 15. HP: 130/145 MP: 14/14
 20033 | D:12     | Killed Fannar
 20109 | D:12     | Received a gift from Trog
 20933 | D:13     | Received a gift from Trog
 21217 | D:13     | Found a gate to the Vaults.
 21766 | D:14     | Found a flagged portal.
 22208 | Snake:1  | Entered Level 1 of the Snake Pit
 22650 | Snake:1  | Noticed Josephine
 22657 | Snake:1  | Killed Josephine
 23339 | Snake:1  | Reached XP level 16. HP: 75/157 MP: 15/15
 23557 | Snake:2  | Received a gift from Trog
 23998 | D:15     | Entered Level 15 of the Dungeon
 24445 | D:15     | Noticed Bankemomn's ghost (journeyman NaIE)
 24451 | D:15     | Found a runed translucent gate.
 24452 | D:15     | Found a runed translucent gate.
 24453 | D:15     | Found a runed translucent gate.
 24501 | D:15     | Killed Bankemomn's ghost
 24509 | D:15     | Identified the ring "Wateis" {Fly rC- rN+ Dex+3 SInv}
 24775 | D:15     | Paralysed by an ogre mage for 6 turns
 24827 | D:15     | Found a staircase to the Depths.
 24893 | Depths:1 | Entered Level 1 of the Depths
 24906 | Depths:1 | Paralysed by a floating eye for 2 turns
 25099 | Depths:1 | Noticed a sphinx
 25105 | D:15     | HP: 7/157 [ettin (34)]
 25206 | D:15     | Paralysed by a sphinx for 6 turns
 25214 | D:15     | Killed a sphinx
 25685 | Depths:1 | Found a gateway to Hell.
 25767 | Depths:1 | Found a runed translucent door.
 25768 | Depths:1 | Noticed a sphinx
 25776 | Depths:1 | Paralysed by a sphinx for 5 turns
 25783 | Depths:1 | Killed a sphinx
 26529 | Depths:2 | Found a radiant altar of Vehumet.
 26869 | Depths:2 | Found a transporter.
 26908 | Depths:2 | Identified the +7 war axe "Geef" {vorpal, Str+6 Int-5}
                  | (Trog gifted it to you on level 2 of the Depths)
 26908 | Depths:2 | Received a gift from Trog
 27004 | Depths:2 | Noticed a sphinx
 27011 | Depths:2 | Killed a sphinx
 27119 | Depths:2 | Noticed a tengu reaver
 27127 | Depths:2 | Noticed a tengu reaver
 27133 | Depths:2 | HP: 6/153 [poisoned by a tengu reaver (bolt of poison)]
 27138 | Depths:2 | HP: 5/153 [poisoned by a tengu reaver (bolt of poison)]
 27222 | Depths:2 | Reached XP level 17. HP: 150/161 MP: 16/16
 27736 | Depths:2 | Found a transporter.
 27871 | Depths:2 | Found a one-way gate leading to the halls of Pandemonium.
 28334 | Depths:3 | Found a one-way gateway to a ziggurat.
 28337 | Depths:3 | Found a one-way gate to the infinite horrors of the Abyss.
 28347 | Depths:3 | HP: 2/161 [tengu reaver/bolt of fire (15)]
 28349 | Depths:3 | Killed from afar by a tengu reaver

Illustrated notes

Levels and vault maps discovered:
D:1:      erik_arrival_orb_chamber, layout_loops_cross
D:2:      layout_loops_ring, minmay_lizard_pond
D:3:      layout_loops_ring, shapermc_ecumenical_altar_pompeii
D:4:      minmay_spotlight, layout_basic
D:5:      layout_basic, temple_doors_e, chequers_serial_rivers_large_a,
          uniq_ijyb
D:6:      layout_cave_pools, serial_gnoll_camp, gnoll_camp_huts_moat,
          gnoll_camp_mini_doghouse, gnoll_camp_mini_basic, gnoll_camp_mini_hut,
          uniq_crazy_yiuf_cottage, uniq_duvessa, uniq_maggie
D:7:      layout_basic, uniq_menkaure, uniq_harold
D:8:      layout_basic, mainiacjoe_overflow_six_doors_small,
          nicolae_uskayaw_dance_studio, nicolae_specific_store, uniq_maurice,
          uniq_pikel
D:9:      layout_irregular_city, mainiacjoe_overflow_brackets,
          david_lair_generic
D:10:     layout_rooms, led_sif_book, orc_0_dummy, uniq_urug, uniq_sonja
D:11:     layout_long_grid, yredelemnul_forgotten_temple_becter
D:12:     layout_loops_ring, okawaru_humans, uniq_fannar
D:13:     layout_roguey [special_room_orc],
          hangedman_vaults_entry_quadrant_bands
D:14:     kennysheep_blocky_hall, layout_small_grid, enter_bailey_5,
          serial_glass, glass_columns_b, glass_columns_b, serial_bayou_lagoon_a
D:15:     hangedman_depths_entry_try_elsewhere_first, layout_basic,
          ebering_ghost_rock_garden, minivault_14
Temple:   mainiacjoe_temple_coin_purse
Lair:1:   layout_misc_corridors, infiniplex_staircase_pool_2,
          grunt_megastairs_1, serial_bayou_shore_b
Lair:2:   nzn_winding_woodlands_small [nzn_winding_woodlands_5x15_eye,
          nzn_winding_woodlands_center_lodge,
          nzn_winding_woodlands_5x15_zeroes], layout_gridlike,
          beast_lair_carwin_10, serial_bayou_shore_b
Lair:3:   lemuel_ratsnest, layout_chaotic_city, elwin_shoals_entry_stream,
          minmay_snake_entry_six_corridors, serial_bayou_lake_a
Lair:4:   layout_cave_pods
Lair:5:   layout_hall_layers
Lair:6:   evilmike_catoblepas_cave, layout_gridlike, minmay_slime_entry_pillars
Snake:1:  layout_basic, uniq_josephine
Snake:2:  layout_layer_cave, grunt_megastairs_3
Orc:1:    nicolae_orc_accident_1, layout_diamond_mine
Orc:2:    grunt_orc_gardens, layout_diamond_mine, grunt_orc_garden,
          grunt_orc_garden, grunt_orc_garden, grunt_orc_garden
Depths:1: layout_twisted_cross, grunt_metal_band, chequers_serial_rivers_room_a,
          chequers_serial_rivers_small_a, minmay_fountain_box,
          minmay_misc_feat_chi, roderic_three_in_a_row, wad_floor_pattern_2,
          lightli_giant_bouncers
Depths:2: gammafunk_dig_for_victory, layout_basic, hell_entry,
          nicolae_vehumet_radiance, rand_demon_pan_entry_5
Depths:3: hangedman_slaughterboxes, hell_entry, abyss_entry, uniq_margery

Skill      XL: |  1  2  3  4  5  6  7  8  9 10 11 12 13 14 15 16 17 |
---------------+----------------------------------------------------+-----
Axes           | 3 4 5 6 7 9 11 12 14 16 17 19 | 19.7
Fighting       | 4 5 6 7 8 9 11 12 14 16 17 18 19 | 19.2
Armour         | 4 5 6 7 8 9 11 12 14 16 17 18 19 | 19.1
Shields        | 4 5 6 7 8 9 11 12 14 16 17 18 19 | 19.1

Action                   |  1- 3 |  4- 6 |  7- 9 | 10-12 | 13-15 | 16-18 || total
-------------------------+-------+-------+-------+-------+-------+-------++-------
Melee: War axe           |    72 |   108 |   217 |   361 |       |       ||   758
       Headbutt          |     9 |    12 |    51 |   139 |   266 |   140 ||   617
       Broad axe         |       |       |       |   236 |   663 |       ||   899
       Executioner's axe |       |       |       |       |   476 |   391 ||   867
Throw: Dart              |       |       |    12 |    15 |     2 |     6 ||    35
Invok: Berserk           |       |       |       |     1 |     2 |       ||     3
       Brothers in Arms  |       |       |       |       |     1 |       ||     1
Evoke: Wand              |       |       |       |     4 |     1 |       ||     5
  Use: Scroll            |     5 |     6 |     7 |    13 |    16 |     4 ||    51
       Potion            |       |       |       |     2 |     8 |       ||    10
 Stab: Paralysed         |       |       |       |    15 |       |       ||    15
Armor: Scale mail        |    39 |    86 |   119 |   425 |   959 |   290 ||  1918
       Ice dragon scales |       |       |       |       |       |    16 ||    16
Dodge: Dodged            |    42 |    42 |   108 |   259 |   610 |   221 ||  1282
Block: Buckler           |    15 |    14 |    60 |   189 |   255 |       ||   533

Table legend: (Time is in decaauts)
 A = Elapsed time spent in this place.
 B = Non-inter-level travel time spent in this place.
 C = Inter-level travel time spent in this place.
 D = Time resting spent in this place.
 E = Time spent auto-exploring this place.
 F = Levels seen in this place.
 G = Mean time per level.
                   A        B        C        D        E       F      G
               +--------+--------+--------+--------+--------+-----+--------+
         Total |  28477 |  26847 |   1630 |   2510 |  10638 |  29 |  982.0 |
       Dungeon |  14524 |  13739 |    785 |   1154 |   5798 |  15 |  968.3 |
        Temple |     41 |     29 |     12 |      0 |      0 |   1 |   41.0 |
          Lair |   6692 |   6177 |    515 |    426 |   2859 |   6 | 1115.3 |
     Snake Pit |   1681 |   1574 |    107 |    155 |    684 |   2 |  840.5 |
  Orcish Mines |   2416 |   2279 |    137 |    331 |    854 |   2 | 1208.0 |
        Depths |   3121 |   3047 |     74 |    443 |    443 |   3 | 1040.3 |
               +--------+--------+--------+--------+--------+-----+--------+

Top non-repeatable levels by time:
   Orc:1: 1651 daAuts
     D:9: 1448 daAuts
    D:13: 1404 daAuts
Depths:2: 1390 daAuts
  Lair:1: 1384 daAuts
    D:15: 1320 daAuts
Depths:1: 1311 daAuts
 Snake:1: 1281 daAuts
  Lair:6: 1222 daAuts
  Lair:3: 1207 daAuts
  Lair:2: 1197 daAuts
     D:2: 1165 daAuts
     D:8: 1144 daAuts
     D:5: 1107 daAuts
     D:3: 1095 daAuts
